 Dungeon Crawl Stone Soup version 0.24-a0-201-gf205589 (webtiles) character file.

Game seed: 11799554325858504825

59 technobutter the Chucker (level 3, -5/29 HPs)
             Began as a Centaur Hunter on Mar 25, 2019.
             Slain by an orc warrior
             ... wielding a +0 glaive
              (12 damage)
             ... on level 3 of the Dungeon.
             The game lasted 00:09:02 (1431 turns).

technobutter the Chucker (Centaur Hunter)           Turns: 1431, Time: 00:09:05

Health: -5/29      AC: 10    Str: 14    XL:     3   Next: 78%
Magic:  3/3        EV:  4    Int: 10    God:
Gold:   105        SH:  0    Dex: 10    Spells: 2/2 levels left

rFire    . . .     SeeInvis .   a - +0 short sword
rCold    . . .     Gourm    .   (no shield)
rNeg     . . .     Faith    .   h - +2 chain mail {rPois}
rPois    +         Spirit   .   m - +0 helmet (curse)
rElec    .         Reflect  .   (no cloak)
rCorr    .         Harm     .   (no gloves)
MR       .....                  (no barding)
Stlth    ..........             (no amulet)
HPRegen  0.09/turn              b - ring of poison resistance
MPRegen  0.08/turn              (no ring)

@: very quick
A: large, hooves 3, deformed body, speed 2, tough skin 3
a: no special abilities


You were on level 3 of the Dungeon.
You were hungry.

You visited 1 branch of the dungeon, and saw 3 of its levels.

You collected 105 gold pieces.

Inventory:

Hand Weapons
 a - a +0 short sword (weapon)
Missiles
 c - a javelin (quivered)
 d - a throwing net
Armour
 h - a +2 chain mail of poison resistance (worn)
 m - a cursed +0 helmet (worn)
Jewellery
 b - a ring of poison resistance (left hand)
 l - a cursed ring of teleportation {unknown}
 o - a +4 ring of strength {unknown}
Scrolls
 e - 3 scrolls of remove curse
 i - 3 scrolls of identify {unknown}
 n - a scroll of fear {unknown}
Potions
 g - a potion of flight {unknown}
 j - a potion of heal wounds {unknown}
 k - 2 potions of berserk rage {unknown}
Comestibles
 f - 3 rations


   Skills:
 + Level 2.2 Fighting
 + Level 1.3 Short Blades
 + Level 5.3 Throwing
 + Level 0.3 Armour
 + Level 1.6 Dodging
 + Level 0.4 Stealth


You had 2 spell levels left.
You didn't know any spells.
Your spell library was empty.

Dungeon Overview and Level Annotations

Branches:
Dungeon (3/15)

Altars:
Ru

Annotations:
D:3 1 transporter


Innate Abilities, Weirdness & Mutations

You have hooves in place of feet.
Armour fits poorly on your strangely shaped body.
You cover ground very quickly.
You have extremely tough skin. (AC +3)


Message History

There is a transporter here.
You enter the transporter and appear at another place.
A sky beast, a goblin, a centaur and a shadow imp come into view.
The centaur shouts!
The shadow imp shouts!
The orc warrior hits you from afar with a +0 glaive.
The centaur wields a +0 shortbow.
The centaur shoots an arrow.
The arrow hits you.
Found 23 gold pieces, a short sword, 11 poisoned needles and a helmet.
Found a sacrificial altar of Ru.
You closely miss the scorpion. Your kick misses the scorpion.
The scorpion barely misses you.
The orc warrior hits you from afar with a +0 glaive!
You barely miss the scorpion.
You kick the scorpion, but do no damage.
The sky beast hits you but does no damage.
The scorpion stings you.
* * * LOW HITPOINT WARNING * * *
The goblin barely misses you.
The orc warrior hits you from afar with a +0 glaive!
You die...

..#########.. .
## $._.$ ## # ..
..$($)[.. .# #.#
.#...#. #.#
#.#.#.....#.#.#
..#........©#.#
#.#.#.c5..#.#%#
#.#..#g@Y#..#.#
#.#....s....#.#
#.##8.o...8##..
#..#########...#
#......©.....#.#
#.###....####..
.........## .##
###.....#.#.#####
###......<.......


You could see an orc warrior, a sky beast, a centaur, a scorpion, a shadow imp
and a goblin.

Vanquished Creatures
  2 adders (D:2)
  A dart slug (D:2)
  2 leopard geckos
  A ball python (D:2)
  3 bats (D:1)
  5 hobgoblins (D:1)
  3 jackals (D:1)
  A frilled lizard (D:1)
  5 goblins
  2 kobolds (D:1)
  13 rats
38 creatures vanquished.

Notes
Turn   | Place    | Note
-------+----------+-------------------------------------------
     0 | D:1      | technobutter the Centaur Hunter began the quest for the
                  | Orb.
     0 | D:1      | Reached XP level 1. HP: 17/17 MP: 1/1
   358 | D:1      | Reached XP level 2. HP: 21/24 MP: 2/2
   525 | D:1      | Reached skill level 5 in Throwing
   939 | D:1      | Reached XP level 3. HP: 29/29 MP: 3/3
  1048 | D:2      | Reached skill level 1 in Short Blades
  1419 | D:3      | Found a transporter.
  1419 | D:3      | Noticed an orc warrior
  1421 | D:3      | Noticed a scorpion
  1427 | D:3      | Found a transporter.
  1429 | D:3      | Noticed a centaur
  1429 | D:3      | Noticed a sky beast
  1429 | D:3      | Found a sacrificial altar of Ru.
  1431 | D:3      | Slain by an orc warrior

Levels and vault maps discovered:
D:1:      matt_arrival_spirals, layout_rooms, serial_bayou_lagoon_a,
          minmay_rat_gold_closets
D:2:      layout_basic, first_ration, uniq_terence
D:3:      layout_loops_ring, gammafunk_temple_overflow_arena,
          cheibrodos_sewer_entry_bend, minmay_splitting_lines, uniq_ijyb,
          uniq_sigmund, uniq_grinder

Skill      XL: |  1  2  3 |
---------------+----------+-----
Throwing       | 5 |  5.3
Short Blades   | 1 |  1.3
Fighting       | |  2.2
Armour         | |  0.3
Dodging        | |  1.6
Stealth        | |  0.4

Action                   || total
-------------------------++-------
Melee: Short sword       ||    97
       Kick              ||    11
Throw: Javelin           ||    37
       Throwing net      ||     3
  Use: Scroll            ||     1
Armor: Chain mail        ||    91
       Leather armour    ||     7
Dodge: Dodged            ||    35

Table legend:
 A = Non-vault XP
 B = Vault XP
 C = Vault XP percentage of total XP
 D = Non-vault monster count
 E = Vault monster count
 F = Vault count percentage of total count
                 A         B        C        D         E       F
            +---------+---------+-------+---------+---------+-------
      Total |      78 |       7 |   8.2 |      31 |       7 |  18.4
            +---------+---------+-------+---------+---------+-------
        D:1 |      35 |       7 |  16.7 |      21 |       7 |  25.0
        D:2 |      42 |       0 |   0.0 |       9 |       0 |   0.0
        D:3 |       1 |       0 |   0.0 |       1 |       0 |   0.0
            +---------+---------+-------+---------+---------+-------
